 Dungeon Crawl Stone Soup version 0.29-a0-19-gef7f3e67aa (webtiles) character file.

Game seed: 3650536304710877106

15583 Grim the Warrior (level 12, -2/119 HPs)
             Began as a Minotaur Berserker on Jan 29, 2022.
             Was an Elder of Trog.
             Slain by a phantasmal warrior (21 damage)
             ... led by a death knight
             ... on level 13 of the Dungeon.
             The game lasted 00:20:55 (14989 turns).

Grim the Warrior (Minotaur Berserker)              Turns: 14989, Time: 00:20:55

Health: -2/119     AC: 23    Str: 22    XL:     12   Next: 2%
Magic:  11/11      EV:  8    Int:  8    God:    Trog [****..]
Gold:   1133       SH:  0    Dex: 11    Spells: 11/11 levels left

rFire   . . .      SeeInvis .   z - +2 whip (vamp)
rCold   . . .      Faith    .   (no shield)
rNeg    + + .      Spirit   .   N - +5 plate armour of Past Mistakes {rElec rN++}
rPois   .          Reflect  .   (helmet restricted)
rElec   +          Harm     .   y - +0 cloak
rCorr   .          Rampage  .   F - +0 pair of gloves
Will    ++...                   (no boots)
Stlth   ..........              s - amulet of the acrobat
HPRegen 1.29/turn               (no ring)
MPRegen 0.12/turn               (no ring)

@: strong-willed, regenerating, slowed, very slow
A: horns 2, retaliatory headbutt
a: Renounce Religion, Berserk, Trog's Hand, Brothers in Arms


You were on level 13 of the Dungeon.
You worshipped Trog.
Trog was greatly pleased with you.
You visited 1 branch of the dungeon, and saw 13 of its levels.

You collected 1133 gold pieces.

Inventory:

Hand Weapons
 e - a +0 dire flail
 z - a +2 vampiric whip (weapon)
Missiles
 c - 9 curare-tipped darts (quivered)
 d - 256 stones
 h - 113 poisoned darts
 j - 5 throwing nets
 E - 3 silver javelins
Armour
 t - a +0 tower shield
 y - a +0 cloak (worn)
 B - a +0 plate armour
 F - a +0 pair of gloves (worn)
 N - the +5 plate armour of Past Mistakes (worn) {rElec rN++}
   (You found it on level 10 of the Dungeon)

   rElec:     It insulates you from electricity.
   rN:        It greatly protects you from negative energy.
Jewellery
 r - a ring of fire
 s - an amulet of the acrobat (around neck)
 C - an amulet of faith
Wands
 A - a wand of polymorph (4)
 K - a wand of mindburst (2)
 O - a wand of paralysis (5)
 P - a wand of acid (6)
 S - a wand of iceblast (6)
Scrolls
 a - a scroll of summoning
 b - a scroll of fear {unknown}
 f - 2 scrolls of fog {unknown}
 i - a scroll of enchant armour {unknown}
 k - 5 scrolls of teleportation {unknown}
 n - 4 scrolls of enchant weapon
 o - 2 scrolls of immolation {unknown}
 q - 2 scrolls of noise {unknown}
 u - 2 scrolls of amnesia {unknown}
 v - 6 scrolls of identify
 J - 2 scrolls of vulnerability {unknown}
 M - a scroll of brand weapon {unknown}
Potions
 l - 2 potions of brilliance
 m - 9 potions of curing
 p - a potion of haste
 w - a potion of lignification
 x - 3 potions of invisibility
 D - a potion of resistance
 G - a potion of ambrosia {unknown}
 H - a potion of attraction {unknown}
 I - a potion of heal wounds {unknown}
 L - a potion of mutation {unknown}
Miscellaneous
 Q - a piece from Xom's chessboard (15/15)
 R - a box of beasts


   Skills:
 - Level 15.0 Fighting
 - Level 14.0 Maces & Flails
 + Level 12.5 Armour
 - Level 2.1 Dodging


You had 11 spell levels left.
You didn't know any spells.
Your spell library was empty.

Dungeon Overview and Level Annotations

Branches:
Dungeon (12/15)            Temple (0/1) D:4            Lair (0/6) D:8
    Orc (0/2) D:9

Altars:
Ashenzari
Cheibriados
Dithmenos
Elyvilon
Nemelex Xobeh
Qazlal
Ru
Vehumet
Wu Jian
Xom
Yredelemnul
Zin
The Shining One

Shops:
D:8 (   D:9 [(

Portals:
Trove: D:11 (give 5 potions of resistance)

Annotations:
D:6 3 runed translucent doors, erthbison's ghost, novice GrFi


Innate Abilities, Weirdness & Mutations

You have a pair of horns on your head.
You reflexively headbutt those who attack you in melee.


Message History

The freezing wraith is lightly damaged.
You hit the freezing wraith but do no damage.
The freezing wraith is lightly damaged.
The freezing wraith hits you. The freezing wraith freezes you!
* * * LOW HITPOINT WARNING * * *
The freezing wraith barely misses you.
You hit the freezing wraith but do no damage.
The freezing wraith is lightly damaged.
The freezing wraith hits you but does no damage. x2
The phantasmal warrior gestures at you.
The phantasmal warrior blinks!
Your two-headed ogre goes berserk!
The freezing wraith hits you.
* * * LOW HITPOINT WARNING * * *
The freezing wraith freezes you!!
* * * LOW HITPOINT WARNING * * *
The freezing wraith hits you.
* * * LOW HITPOINT WARNING * * *
The phantasmal warrior gestures at you.
The phantasmal warrior blinks!
The freezing wraith hits you.
* * * LOW HITPOINT WARNING * * *
The freezing wraith freezes you!!
* * * LOW HITPOINT WARNING * * *
The freezing wraith hits you but does no damage.
The phantasmal warrior hits your two-headed ogre.
Your two-headed ogre's willpower is stripped away!
Okay, then.
Blink to where?
Press: ? - help, Dir - move target
As you read the scroll of blinking, it crumbles to dust.
Your two-headed ogre closely misses the phantasmal warrior.
Your two-headed ogre hits the phantasmal warrior with a +0 giant club!!!
The phantasmal warrior gestures at you.
The phantasmal warrior blinks!
Your skin crawls.
You feel strong-willed.
Your two-headed ogre rages.
The phantasmal warrior hits you!!
You die...

## ..# .### ##.####### ...#
#......... ##'## #......... ....#
#......... ...p# #.[....... ...W#
########......... ....#
###................
....###########W@.######.........
....'..p.p.W.O..### #....)....
....############# ####.#####
+#### #..# ##.## #..# ##.# #.#
#+#


You could see a death knight, a phantasmal warrior (ally target), a freezing
wraith and a friendly two-headed ogre (summoned, berserk, weak-willed).

Vanquished Creatures
  2 boulder beetles (D:11)
  5 two-headed ogres
  A manticore (D:12)
  A gargoyle (D:13)
  A kobold demonologist (D:10)
  3 unseen horrors
  Maggie (D:9)
  A komodo dragon (D:13)
  Psyche (D:8)
  Prince Ribbit (D:6)
  A troll (D:10)
  2 hornets (D:8)
  16 yaks
  A wyvern (D:9)
  2 shadows (D:10)
  2 wraiths
  A steam dragon (D:6)
  Eustachio (D:6)
  An acid dragon (D:9)
  A water moccasin (D:7)
  An ice beast (D:7)
  A hornet zombie (D:8)
  7 orc warriors
  An ogre (D:5)
  A black bear (D:8)
  A necrophage (D:5)
  5 centaurs
  20 kobold brigands
  A phantom (D:6)
  5 bullfrogs
  A gnoll sergeant (D:7)
  A water moccasin zombie (D:5)
  2 vampire bats (D:3)
  2 howler monkeys
  3 centaur zombies
  A hound (D:4)
  A jelly (D:7)
  4 orc priests
  3 bullfrog skeletons
  A gnoll shaman (D:7)
  Natasha (D:2)
  Terence (D:3)
  4 iguanas
  2 orc wizards
  A hound skeleton (D:4)
  2 howler monkey zombies
  Robin (D:2)
  18 gnolls
  11 adders
  3 white imps
  2 ufetubi (D:6)
  An adder zombie (D:3)
  A worm (D:2)
  3 dart slugs
  14 orcs
  7 ball pythons
  11 bats
  11 endoplasms
  4 giant cockroaches
  20 goblins
  16 hobgoblins
  3 jackals (D:3)
  A quokka (D:3)
  2 frilled lizards (D:1)
  51 kobolds
  5 rats
303 creatures vanquished.

Vanquished Creatures (others)
  A kobold (D:5)
  9 plants
10 creatures vanquished.

Grand Total: 313 creatures vanquished

Notes
Turn   | Place    | Note
-------+----------+-------------------------------------------
     0 | D:1      | Grim the Minotaur Berserker began the quest for the Orb.
     0 | D:1      | Reached XP level 1. HP: 19/19 MP: 0/0
   226 | D:1      | Reached XP level 2. HP: 25/26 MP: 1/1
   657 | D:1      | Reached skill level 5 in Maces & Flails
   853 | D:1      | Reached XP level 3. HP: 31/31 MP: 2/2
  1291 | D:2      | Reached ** piety under Trog
  1745 | D:2      | Reached XP level 4. HP: 39/39 MP: 3/3
  1808 | D:2      | Noticed Robin
  1824 | D:2      | Killed Robin
  2534 | D:2      | Found a faded altar of an unknown god.
  2820 | D:2      | Reached XP level 5. HP: 29/45 MP: 4/4
  3088 | D:2      | Noticed Natasha
  3094 | D:2      | Killed Natasha
  3413 | D:3      | Noticed Terence
  3418 | D:3      | Killed Terence
  3681 | D:3      | Reached *** piety under Trog
  3693 | D:3      | Reached XP level 6. HP: 51/51 MP: 5/5
  4199 | D:4      | Found an ornate altar of the Wu Jian Council.
  4231 | D:4      | Found a broken altar of Ashenzari.
  4427 | D:4      | Found a staircase to the Ecumenical Temple.
  4550 | D:4      | Found a stormy altar of Qazlal.
  4555 | D:4      | Found a sparkling altar of Nemelex Xobeh.
  4556 | D:4      | Found a white marble altar of Elyvilon.
  4667 | D:4      | Reached XP level 7. HP: 57/57 MP: 6/6
  4935 | D:5      | Entered Level 5 of the Dungeon
  5029 | D:5      | Reached skill level 10 in Maces & Flails
  5268 | D:5      | Reached **** piety under Trog
  5701 | D:5      | Found a snail-covered altar of Cheibriados.
  5704 | D:5      | Found a glowing golden altar of the Shining One.
  5968 | D:5      | Found a radiant altar of Vehumet.
  6145 | D:6      | Noticed a steam dragon
  6154 | D:6      | Killed a steam dragon
  6155 | D:6      | Reached XP level 8. HP: 64/64 MP: 7/7
  6238 | D:6      | Found a basalt altar of Yredelemnul.
  6459 | D:6      | Noticed Prince Ribbit
  6476 | D:6      | Killed Prince Ribbit
  6527 | D:6      | Found a runed translucent gate.
  6551 | D:6      | Noticed erthbison's ghost (novice GrFi)
  6638 | D:6      | Found a runed translucent gate.
  6638 | D:6      | Found a runed translucent gate.
  6751 | D:6      | Noticed Eustachio
  7120 | D:6      | Noticed an angel
  7121 | D:6      | Found a glowing silver altar of Zin.
  7199 | D:6      | Killed Eustachio
  7429 | D:7      | Reached skill level 4 in Fighting
  7507 | D:7      | Reached XP level 9. HP: 72/72 MP: 8/8
  7579 | D:7      | Reached skill level 5 in Fighting
  7885 | D:7      | Reached skill level 6 in Fighting
  7960 | D:7      | Found a shadowy altar of Dithmenos.
  8097 | D:7      | Noticed a two-headed ogre
  8108 | D:7      | Killed a two-headed ogre
  8109 | D:7      | Reached skill level 8 in Fighting
  8611 | D:8      | Reached skill level 9 in Fighting
  8706 | D:8      | Reached skill level 10 in Fighting
  8933 | D:8      | Found Bokept's Weapon Emporium.
  9080 | D:8      | Found a staircase to the Lair.
  9230 | D:8      | Noticed Psyche
  9238 | D:8      | Killed Psyche
  9239 | D:8      | Reached skill level 11 in Fighting
  9239 | D:8      | Reached XP level 10. HP: 96/96 MP: 9/9
  9657 | D:9      | Noticed a two-headed ogre
  9670 | D:9      | Killed a two-headed ogre
  9671 | D:9      | Reached skill level 12 in Fighting
  9891 | D:9      | Noticed Maggie
  9913 | D:9      | Killed Maggie
  9921 | D:9      | Reached skill level 13 in Fighting
 10004 | D:9      | Found Miterph's Weapon Shoppe.
 10005 | D:9      | Found a staircase to the Orcish Mines.
 10006 | D:9      | Found Jyagguf's Armour Shoppe.
 10011 | D:9      | Noticed a two-headed ogre
 10261 | D:9      | Reached skill level 14 in Fighting
 10272 | D:9      | Killed a two-headed ogre
 10293 | D:8      | Reached skill level 15 in Fighting
 10410 | D:9      | Reached XP level 11. HP: 74/112 MP: 10/10
 10532 | D:9      | Noticed a two-headed ogre
 10544 | D:9      | Killed a two-headed ogre
 10716 | D:9      | Reached skill level 5 in Armour
 11136 | D:10     | Entered Level 10 of the Dungeon
 12424 | D:10     | Found a sacrificial altar of Ru.
 12522 | D:10     | Found a shimmering altar of Xom.
 12820 | D:10     | Identified the +5 plate armour of Past Mistakes {rElec
                  | rN++}
 12896 | D:11     | Noticed a boulder beetle
 13677 | D:11     | Killed a boulder beetle
 13678 | D:11     | Reached skill level 10 in Armour
 13799 | D:11     | Noticed a boulder beetle
 13814 | D:11     | Killed a boulder beetle
 14018 | D:11     | Found a portal to a secret trove of treasure.
 14614 | D:12     | You fall into a shaft and drop 1 floor!
 14620 | D:13     | Noticed a two-headed ogre
 14629 | D:13     | Killed a two-headed ogre
 14701 | D:13     | Reached XP level 12. HP: 119/119 MP: 11/11
 14947 | D:13     | Noticed a death knight
 14989 | D:13     | Slain by a phantasmal warrior

Illustrated notes

Levels and vault maps discovered:
D:1:      wheals_arrival_shading, layout_basic, minmay_surrounded
D:2:      minmay_thinvault, layout_loops_corners,
          hellmonk_ecumenical_altar_inner_sanctum, minmay_strange_pillars,
          uniq_natasha, uniq_robin
D:3:      layout_rooms, kennysheep_doodads, serial_bayou_pond_e,
          minmay_strange_pillars, roderic_batcave, kennysheep_cross_room,
          uniq_terence
D:4:      layout_gridville, mainiacjoe_overflow_24_doors,
          evilmike_ruin_ashenzari, minitemple
D:5:      kennysheep_kobold_camp, layout_gridville,
          chequers_temple_overflow_statue_of_worship, fiery_altar_vehumet
D:6:      layout_cave_pods, zin_angel, yredelemnul_altar_generic,
          gammafunk_ghost_icy, nrook_loot_triangle, uniq_eustachio,
          uniq_prince_ribbit1
D:7:      layout_loops_ring, grunt_dithmenos_smoke
D:8:      layout_gridville, grunt_lair_entry_orc_guard_hut, serial_shops,
          nicolae_square_shop, uniq_psyche
D:9:      layout_rooms, orc_david_3, enter_bailey_8, grunt_ministairs_1,
          uniq_maggie
D:10:     layout_roguey [special_room_kobold],
          mainiacjoe_overflow_catch_the_wave
D:11:     layout_roguey, enter_trove_6
D:12:     layout_stronghold
D:13:     layout_roguey

Skill      XL: |  1  2  3  4  5  6  7  8  9 10 11 |
---------------+----------------------------------+-----
Maces & Flails | 4 5 7 8 9 11 14 | 14.0
Fighting       | 4 11 15 | 15.0
Armour         | 3 12 | 12.5
Dodging        | |  2.1

Action                   |  1- 3 |  4- 6 |  7- 9 | 10-12 || total
-------------------------+-------+-------+-------+-------++-------
Melee: Mace              |    25 |       |       |       ||    25
       Headbutt          |     8 |    19 |    55 |   135 ||   217
       Dire flail        |    50 |   163 |    60 |       ||   273
       Whip              |       |       |   241 |   564 ||   805
       Punch             |       |       |     5 |    10 ||    15
       Unarmed           |       |       |     3 |       ||     3
Throw: Stone             |     2 |       |       |       ||     2
       Dart              |       |       |       |    11 ||    11
Invok: Berserk           |     1 |     3 |    13 |    10 ||    27
       Trog's Hand       |       |     1 |     3 |     3 ||     7
       Brothers in Arms  |       |       |       |     1 ||     1
  Use: Scroll            |       |       |     9 |     3 ||    12
 Stab: Sleeping          |     1 |     1 |       |       ||     2
Armor: Animal skin       |    23 |     8 |       |       ||    31
       Scale mail        |       |    13 |       |       ||    13
       Chain mail        |       |    23 |    42 |       ||    65
       Plate armour      |       |       |    52 |   246 ||   298
       Skin              |       |       |     1 |       ||     1
Dodge: Dodged            |    42 |    78 |    72 |   165 ||   357

Table legend: (Time is in decaauts)
 A = Elapsed time spent in this place.
 B = Non-inter-level travel time spent in this place.
 C = Inter-level travel time spent in this place.
 D = Time resting spent in this place.
 E = Time spent auto-exploring this place.
 F = Levels seen in this place.
 G = Mean time per level.
                   A        B        C        D        E       F      G
               +--------+--------+--------+--------+--------+-----+--------+
         Total |  14849 |  14464 |    385 |   5166 |   7226 |  13 | 1142.2 |
       Dungeon |  14849 |  14464 |    385 |   5166 |   7226 |  13 | 1142.2 |
               +--------+--------+--------+--------+--------+-----+--------+

Top non-repeatable levels by time:
     D:2: 2217 daAuts
     D:8: 1665 daAuts
    D:10: 1464 daAuts
     D:9: 1382 daAuts
     D:5: 1264 daAuts
     D:6: 1203 daAuts
     D:7: 1178 daAuts
     D:1: 1093 daAuts
    D:11: 917 daAuts
     D:4: 886 daAuts
     D:3: 765 daAuts
    D:12: 430 daAuts
    D:13: 381 daAuts
